 Dungeon Crawl Stone Soup version 0.21-a0-472-g223bcb9 (webtiles) character file.

19 slep the Skirmisher (level 2, -5/24 HPs)
             Began as a Demonspawn Monk on Nov 21, 2017.
             Slain by a worm (6 damage)
             ... on level 2 of the Dungeon.
             The game lasted 00:02:10 (684 turns).

slep the Skirmisher (Demonspawn Monk)                Turns: 684, Time: 00:02:11

Health: -5/24      AC:  3    Str: 11    XL:     2   Next: 55%
Magic:  11/11      EV: 13    Int: 11    God:
Gold:   31         SH:  0    Dex: 15    Spells: 1/1 levels left

rFire    . . .     SeeInvis .   a - +0 falchion
rCold    . . .     Gourm    .   (no shield)
rNeg     . . .     Faith    .   b - +0 robe
rPois    .         Spirit   .   f - +0 helmet
rElec    .         Reflect  .   (no cloak)
rCorr    .         Harm     .   (no gloves)
MR       .....                  (no boots)
Stlth    ++........             (no amulet)
HPRegen  0.08/turn              h - ring of magical power
MPRegen  0.12/turn              (no ring)

@: no status effects
A: powered by death 1
a: no special abilities


You were on level 2 of the Dungeon.
You were not hungry.

You visited 1 branch of the dungeon, and saw 2 of its levels.

You collected 31 gold pieces.

Inventory:

Hand Weapons
 a - a +0 falchion (weapon)
Armour
 b - a +0 robe (worn)
 f - a +0 helmet (worn)
Jewellery
 h - a ring of magical power (left hand)
Scrolls
 e - 2 scrolls of teleportation {unknown}
 g - 2 scrolls of amnesia {unknown}
 j - 3 scrolls of immolation {unknown}
Potions
 d - a potion of curing {unknown}
 i - a potion of might {unknown}
 k - a potion of resistance {unknown}
Comestibles
 c - 2 bread rations


   Skills:
 + Level 3.2 Fighting
 + Level 3.0 Long Blades
 + Level 2.9 Dodging
 + Level 1.9 Stealth


You had one spell level left.
You didn't know any spells.

Dungeon Overview and Level Annotations

Branches:
Dungeon (2/15)

Altars:


Innate Abilities, Weirdness & Mutations

You regenerate a little health from kills.


Message History

The worm is moderately wounded.
The worm completely misses you.
You riposte.
You hit the worm.
The worm is severely wounded.
You hit the worm.
The worm is almost dead.
The frilled lizard misses you. The worm barely misses you.
You hit the worm.
The worm is almost dead.
The frilled lizard bites you.
* * * LOW HITPOINT WARNING * * *
The worm completely misses you.
You riposte.
You barely miss the worm.
The worm is almost dead.
You hit the worm.
The worm is almost dead.
The frilled lizard bites you.
* * * LOW HITPOINT WARNING * * *
You barely miss the worm.
The worm is almost dead.
The frilled lizard closely misses you. The worm bites you.
You die...

.........#..##
....#........#
#......<..#
#.........#
#.....†..##
####...####.#
#........#
#...######
#..@# #.lw#
.......
.........$
...........
#####...####
#...# #...#


You could see a worm and a frilled lizard.

Vanquished Creatures
  A giant cockroach (D:2)
  4 goblins (D:1)
  3 hobgoblins (D:1)
  3 jackals (D:1)
  A bat (D:1)
  A frilled lizard (D:1)
  A kobold (D:1)
  3 rats (D:1)
17 creatures vanquished.

Notes
Turn   | Place    | Note
-------+----------+-------------------------------------------
     0 | D:1      | slep the Demonspawn Monk began the quest for the Orb.
     0 | D:1      | Reached XP level 1. HP: 18/18 MP: 1/1
   242 | D:1      | Gained mutation: You regenerate a little health from kills. [demonic ancestry]
   242 | D:1      | Reached XP level 2. HP: 13/24 MP: 2/2
   683 | D:2      | HP: 1/24 [frilled lizard (3)]
   684 | D:2      | Slain by a worm

Vault maps used:
D:1:      giann_forest_graveyard, minmay_misc_feat_room, amethyst_killhole,
          minmay_misc_feat_chi, st_stairs_6
D:2:      nicolae_overflow_crystal_walls

Skill      XL: |  1  2 |
---------------+-------+-----
Long Blades    | 3 |  3.0
Fighting       | |  3.2
Dodging        | |  2.9
Stealth        | |  1.9

Action                   || total
-------------------------++-------
Melee: Falchion          ||    53
 Stab: Sleeping          ||     4
Armor: Robe              ||    15
Dodge: Dodged            ||    43
       Rpst.: Falchion   ||    14

Table legend:
 A = Spawn XP
 B = Non-spawn XP
 C = Spawn XP percentage of total XP
 D = Spawn monster count
 E = Non-spawn monster count
 F = Spawn count percentage of total count
 G = Total turns spent on level
                    A         B        C        D         E        F      G
               +---------+---------+-------+---------+---------+-------+---------
         Total |       0 |      28 |   0.0 |       0 |      17 |   0.0 |   684
               +---------+---------+-------+---------+---------+-------+---------
           D:1 |       0 |      26 |   0.0 |       0 |      16 |   0.0 |   667
           D:2 |       0 |       2 |   0.0 |       0 |       1 |   0.0 |    17
               +---------+---------+-------+---------+---------+-------+---------
